 Dungeon Crawl Stone Soup version 0.29-a0-91-gdebf4667c2 (webtiles) character file.

Game seed: 6997780542146508719

370 kae the Ruffian (level 6, 0/50 HPs)
             Began as a Draconian Transmuter on Feb 8, 2022.
             Slain by Grinder (5 damage)
             ... on level 4 of the Dungeon.
             The game lasted 00:02:24 (3507 turns).

kae the Ruffian (Draconian Transmuter)              Turns: 3507, Time: 00:02:25

Health: 0/50       AC:  2    Str: 13    XL:     6   Next: 42%
Magic:  6/10       EV: 20    Int: 15    God:
Gold:   188        SH:  0    Dex: 22    Spells: 2/10 levels left

rFire   . . .      SeeInvis .     - Unarmed
rCold   . . .      Faith    .   (shield currently unavailable)
rNeg    . . .      Spirit   .   (armour unavailable)
rPois   x          Reflect  .   (helmet currently unavailable)
rElec   .          Harm     .   (cloak currently unavailable)
rCorr   .          Rampage  .   (gloves currently unavailable)
Will    .....                   (boots currently unavailable)
Stlth   ++........              (no amulet)
HPRegen 0.16/turn               c - +6 ring of dexterity
MPRegen 0.12/turn               (no ring)

@: spider-form (expiring)
A: venomous fangs, AC +6, tiny, unfitting armour, (cold-blooded)
a: End Transformation


You were on level 4 of the Dungeon.
You were a venomous arachnid creature.
You visited 1 branch of the dungeon, and saw 4 of its levels.

You collected 188 gold pieces.

Inventory:

Jewellery
 c - a +6 ring of dexterity (left front leg)
Scrolls
 b - a scroll of fog
Potions
 a - a potion of heal wounds
 d - a potion of resistance
 e - a potion of invisibility {unknown}
 f - a potion of mutation {unknown}
 g - a potion of attraction {unknown}
 h - a potion of degeneration {unknown}
 i - a potion of flight {unknown}


   Skills:
 + Level 2.6 Fighting
 + Level 2.6 Dodging
 * Level 4.3 Unarmed Combat
 + Level 2.8 Spellcasting
 * Level 3.6 Transmutations
 * Level 1.1 Ice Magic
 - Level 2.0 Poison Magic


You had 2 spell levels left.
You knew the following spells:

 Your Spells              Type           Power      Damage    Failure   Level
a - Beastly Appendage     Tmut           26%        N/A       14%         1
b - Spider Form           Tmut/Pois      10%        N/A       38%         3
c - Ice Form              Ice/Tmut       9%         N/A       78%         4

Your spell library contained the following spells:

 Spells                   Type           Power      Damage    Failure   Level
 Wereblood                Tmut           13%        N/A       19%         2
 Foxfire                  Conj/Fire      8%         2x1d4     41%         1
 Conjure Flame            Conj/Fire      2%         6-21      73%         3
 Inner Flame              Hex/Fire       2%         N/A       73%         3
 Flame Wave               Conj/Fire      2%         2d4       97%         4


Dungeon Overview and Level Annotations

Branches:
Dungeon (4/15)
 Temple: D:4-7

Altars:
Kikubaaqudgha

Shops:
D:1 (

Annotations:
D:4 Grinder


Innate Abilities, Weirdness & Mutations

You are a venomous arachnid creature.
You have poisonous fangs.
You are tiny and dextrous.
Your spellcasting is less reliable in this form.
Your armour is entirely melded.
You are incapable of wielding weapons or throwing items.
((Your plain brown scales are hard. (AC +6)))
You cannot fit into any form of body armour.
((You are cold-blooded and may be slowed by cold attacks.))


Message History

You bite the white imp!
You kill the white imp!
Found 9 gold pieces.
Grinder hits you!
You writhe in agony.
You are too injured to fight recklessly!
You are too injured to fight recklessly!
You are too injured to fight recklessly!
You are too injured to fight recklessly!
You hit Grinder but do no damage.
Grinder is poisoned.
You barely miss Grinder.
Grinder is lightly wounded.
Grinder closely misses you.
You bite Grinder!
Grinder looks as sick as possible!
Grinder is moderately wounded.
Your transformation is almost over.
Grinder gestures at you. Pain shoots through your body!
You hit Grinder.
Grinder is heavily wounded.
Grinder gestures at you.
You barely resist. You hit Grinder.
Grinder is heavily wounded.
Grinder gestures at you. Pain shoots through your body!
* * * LOW HITPOINT WARNING * * *
You hit Grinder but do no damage.
Grinder is heavily wounded.
Grinder completely misses you.
You hit Grinder but do no damage.
Grinder is severely wounded.
Grinder hits you.
* * * LOW HITPOINT WARNING * * *
You hit Grinder.
Grinder is severely wounded.
Grinder gestures at you. You resist with significant effort.
You hit Grinder.
Grinder is severely wounded.
Grinder hits you.
You die...

######## #......##
........## ###
.........# ....
.........###########.$..
.........).............
....................#
...................###..
........#.......s?......
........######..5.......
.........# ####.......
.........# ....#.$
.........# ##..# .
.........# ..#
.........# ...
.......... ...
#.........


You could see Grinder (very poisoned).

Vanquished Creatures
  A black bear (D:3)
  2 ogres
  4 gnolls (D:3)
  3 adders (D:3)
  A white imp (D:4)
  A dart slug (D:4)
  An orc (D:3)
  4 bats
  5 endoplasms
  2 giant cockroaches (D:1)
  3 goblins (D:3)
  5 hobgoblins
  4 quokkas
  5 ball pythons
  A frilled lizard (D:1)
  2 kobolds
  5 rats
49 creatures vanquished.

Notes
Turn   | Place    | Note
-------+----------+-------------------------------------------
     0 | D:1      | kae the Draconian Transmuter began the quest for the Orb.
     0 | D:1      | Reached XP level 1. HP: 16/16 MP: 3/3
   669 | D:1      | Reached XP level 2. HP: 20/23 MP: 3/5
   727 | D:1      | Found Ykalur's Weapon Shoppe.
  1255 | D:2      | Noticed an ogre
  1266 | D:2      | Killed an ogre
  1267 | D:2      | Reached XP level 3. HP: 14/29 MP: 6/6
  1267 | D:2      | Reached XP level 4. HP: 18/36 MP: 7/7
  1271 | D:2      | Learned a level 3 spell: Spider Form
  1656 | D:2      | Found a faded altar of an unknown god.
  1719 | D:2      | Found an ancient bone altar of Kikubaaqudgha.
  2462 | D:3      | Noticed a black bear
  2476 | D:3      | Killed a black bear
  2477 | D:3      | Reached skill level 4 in Unarmed Combat
  2477 | D:3      | Reached skill level 1 in Poison Magic
  2477 | D:3      | Reached XP level 5. HP: 29/42 MP: 4/8
  2604 | D:3      | Learned a level 4 spell: Ice Form
  2772 | D:3      | Reached XP level 6. HP: 22/50 MP: 8/10
  3287 | D:4      | Reached skill level 1 in Ice Magic
  3489 | D:4      | Noticed Grinder
  3492 | D:4      | Paralysed by Grinder for 5 turns
  3507 | D:4      | Slain by Grinder

Illustrated notes

Levels and vault maps discovered:
D:1:      nagdon_arrival_double_spiral, layout_loops_ring, serial_shops,
          nicolae_square_shop, chequers_decorated_corner, minmay_pentomino_p2
D:2:      layout_loops_ring, basic_altar, hellmonk_ecumenical_altar_crossroads
D:3:      layout_basic, minmay_fractal_squares_gapless_5
D:4:      layout_rooms, uniq_grinder, uniq_natasha

Skill      XL: |  1  2  3  4  5  6 |
---------------+-------------------+-----
Fighting       | 2 |  2.6
Dodging        | 2 |  2.6
Transmutations | 3 |  3.6
Unarmed Combat | 4 |  4.3
Poison Magic   | 1 2 |  2.0
Ice Magic      | 1 |  1.1
Spellcasting   | |  2.8

Action                   |  1- 3 |  4- 6 || total
-------------------------+-------+-------++-------
Melee: Unarmed           |    31 |   108 ||   139
       Kick              |     6 |    13 ||    19
       Headbutt          |     3 |     4 ||     7
       Tailslap          |     3 |     8 ||    11
       Punch             |     1 |       ||     1
 Cast: Beastly Appendage |    10 |    18 ||    28
       Spider Form       |       |    10 ||    10
  Use: Scroll            |     3 |     2 ||     5
 Stab: Sleeping          |       |     1 ||     1
Armor: Skin              |    10 |    27 ||    37
Dodge: Dodged            |    22 |    70 ||    92

Table legend: (Time is in decaauts)
 A = Elapsed time spent in this place.
 B = Non-inter-level travel time spent in this place.
 C = Inter-level travel time spent in this place.
 D = Time resting spent in this place.
 E = Time spent auto-exploring this place.
 F = Levels seen in this place.
 G = Mean time per level.
                   A        B        C        D        E       F      G
               +--------+--------+--------+--------+--------+-----+--------+
         Total |   3498 |   3381 |    117 |    100 |   2843 |   4 |  874.5 |
       Dungeon |   3498 |   3381 |    117 |    100 |   2843 |   4 |  874.5 |
               +--------+--------+--------+--------+--------+-----+--------+

Top non-repeatable levels by time:
     D:3: 1200 daAuts
     D:1: 1139 daAuts
     D:2: 927 daAuts
     D:4: 230 daAuts
